 Dungeon Crawl Stone Soup version 0.24-a0-22-g2a401c0 (webtiles) character file.

Game seed: 5108768870160055957

39 varaam the Caller (level 3, 0/19 HPs)
             Began as a Deep Elf Summoner on Feb 1, 2019.
             Slain by Sigmund
             ... wielding a +0 scythe
              (5 damage)
             ... on level 2 of the Dungeon.
             The game lasted 00:06:11 (1587 turns).

varaam the Caller (Deep Elf Summoner)               Turns: 1587, Time: 00:06:12

Health: 0/19       AC:  3    Str:  5    XL:     3   Next: 28%
Magic:  3/9        EV: 14    Int: 20    God:
Gold:   85         SH:  0    Dex: 15    Spells: 4/8 levels left

rFire    . . .     SeeInvis .   o - -3 whip (curse)
rCold    . . .     Gourm    .   (no shield)
rNeg     . . .     Faith    .   a - +0 robe
rPois    .         Spirit   .   (no helmet)
rElec    .         Reflect  .   (no cloak)
rCorr    .         Harm     .   (no gloves)
MR       .....                  n - +0 pair of boots
Stlth    +.........             (no amulet)
HPRegen  0.06/turn              (no ring)
MPRegen  0.11/turn              (no ring)

@: confused, invisible
A: no striking features
a: no special abilities


You were on level 2 of the Dungeon.
You were not hungry.

You visited 1 branch of the dungeon, and saw 2 of its levels.

You collected 85 gold pieces.

Inventory:

Hand Weapons
 b - a +0 club
 l - a +0 hunting sling
 m - a +0 club
 o - a cursed -3 whip (weapon)
Missiles
 e - 16 sling bullets
 f - a javelin (quivered)
 j - 6 poisoned needles
 Q - 2 stones
Armour
 a - a +0 robe (worn)
 n - a +0 pair of boots (worn)
Scrolls
 i - 2 scrolls of identify
 k - a scroll of noise {!r}
 t - 4 scrolls of teleportation
Potions
 g - a potion of heal wounds {unknown}
Comestibles
 c - a ration
 d - 3 chunks of flesh


   Skills:
 + Level 3.6 Dodging
 - Level 2.4 Stealth
 - Level 3.0 Spellcasting
 + Level 5.0 Summonings


You had 4 spell levels left.
You knew the following spells:

 Your Spells              Type           Power        Failure   Level  Hunger
a - Summon Small Mammal   Summ           ###.         1%          1    None
c - Call Canine Familiar  Summ           ###.....     5%          3    ###....

Your spell library contained the following spells:

 Spells                   Type           Power        Failure   Level  Hunger
 Call Imp                 Summ           ###.....     2%          2    ##.....
 Summon Guardian Golem    Hex/Summ       ##......     16%         3    ###....
 Summon Ice Beast         Ice/Summ       ##......     45%         4    ####...
 Summon Lightning Spire   Summ/Air       ##......     45%         4    ####...


Dungeon Overview and Level Annotations

Branches:
Dungeon (2/15)

Altars:

Annotations:
D:2 Sigmund


Message History

* * * LOW HITPOINT WARNING * * *
You take 12 damage, and have 5/19 hp.
MASSIVE DAMAGE!!
You now have 2/9 mp.
You swap places.
The bat barely misses your hound.
The bat dies!
Your hound appears confused.
You are confused.
You're too confused!
You're too confused!
You bump into the rock wall.
You bump into the rock wall.
You hear some strange, mumbled words.
A puff of flame appears from out of thin air!
The puff of flame misses you.
You're too confused!
It was a potion of invisibility.
You fade into invisibility!
Something hits you.
You die...

...).(....#.........
....................
....................
#######...........##
#....######.#
#....######)#
#......h....#
#[..........#
#####@......#
#######.# #
#####%####..?.
#...ยง.)).'....
#........#(...
#........# .
#........#
#........#
#........#


You could see a friendly hound (confused).

Vault maps used:
D:1:      psy_arrival_basics
D:2:      first_ration, uniq_sigmund

Notes
Turn   | Place    | Note
-------+----------+-------------------------------------------
     0 | D:1      | varaam the Deep Elf Summoner began the quest for the Orb.
     0 | D:1      | Reached XP level 1. HP: 10/10 MP: 6/6
    23 | D:1      | Identified a cursed -1 dagger
    26 | D:1      | Identified a +0 club
    28 | D:1      | Identified a +0 club
   137 | D:1      | Identified a +0 club
   160 | D:1      | Identified a +0 club
   167 | D:1      | Reached XP level 2. HP: 15/15 MP: 6/8
   200 | D:1      | Identified a +0 club
   207 | D:1      | Reached skill level 3 in Dodging
   309 | D:1      | Identified a +0 club
   386 | D:1      | Identified a +0 dagger
   517 | D:1      | Identified a +0 hunting sling (You found it on level 1 of
                  | the Dungeon)
   887 | D:1      | Identified a +0 whip
  1025 | D:1      | Identified a cursed +0 short sword
  1222 | D:2      | Identified a cursed -3 whip (You found it on level 1 of the
                  | Dungeon)
  1327 | D:1      | Identified 5 scrolls of teleportation
  1328 | D:1      | Identified 3 scrolls of identify
  1328 | D:1      | Identified a scroll of noise
  1334 | D:1      | Identified a +0 pair of boots (You found it on level 1 of
                  | the Dungeon)
  1368 | D:2      | Identified a +0 club
  1402 | D:2      | Reached skill level 5 in Summonings
  1402 | D:2      | Reached XP level 3. HP: 15/19 MP: 9/9
  1407 | D:2      | Learned a level 3 spell: Call Canine Familiar
  1473 | D:2      | Identified a +0 club
  1519 | D:2      | Identified a +0 mace
  1536 | D:2      | Identified a +0 short sword
  1553 | D:2      | Identified a cursed -1 dagger
  1559 | D:2      | Identified a +0 scythe
  1559 | D:2      | Identified a +0 robe
  1559 | D:2      | Noticed Sigmund
  1587 | D:2      | Identified a potion of invisibility
  1587 | D:2      | Slain by Sigmund

Table legend:
 A = Turns spent in this place as a percentage of turns spent in the entire game.
 B = Non-inter-level travel turns spent in this place as a percentage of non-inter-level travel turns spent in the entire game.
 C = Inter-level travel turns spent in this place as a percentage of turns spent in this place.
 D = Turns resting spent in this place as a percentage of non-inter-level travel turns spent in this place.
 E = Turns spent auto-exploring this place as a percentage of non-inter-level travel turns spent in this place.
 F = Non-inter-level travel turns spent in this place divided by the number of levels of this place that you've seen.
                   A       B       C       D       E      F
               +-------+-------+-------+-------+-------+----------------------
         Total | 100.0 | 100.0 |   9.5 |   4.7 |  73.5 | 718.5
       Dungeon | 100.0 | 100.0 |   9.5 |   4.7 |  73.5 | 718.5
               +-------+-------+-------+-------+-------+----------------------

Table legend:
 A = Kills in this place as a percentage of kills in entire the game.
 B = Kills by you in this place as a percentage of kills by you in the entire game.
 C = Kills by friends in this place as a percentage of kills by friends in the entire game.
 D = Other kills in this place as a percentage of other kills in the entire game.
 E = Experience gained in this place as a percentage of experience gained in the entire game.
 F = Experience gained in this place divided by the number of levels of this place that you have seen.
                   A       B       C       D       E      F
               +-------+-------+-------+-------+-------+----------------------
         Total | 100.0 | 100.0 | 100.0 |   N/A | 100.0 |  28.5
       Dungeon | 100.0 | 100.0 | 100.0 |   N/A | 100.0 |  28.5
               +-------+-------+-------+-------+-------+----------------------

Skill      XL: |  1  2 |
---------------+-------+-----
Dodging        | 3 |  3.6
Summonings     | 5 |  5.0
Stealth        | |  2.4
Spellcasting   | |  3.0

Action                   || total
-------------------------++-------
Melee: Club              ||    12
       Unarmed           ||     5
       Whip              ||    16
 Fire: Hunting sling     ||    33
Throw: Javelin           ||     5
 Cast: Summon Small Mamm ||    13
       Call Canine Famil ||     3
  Use: Scroll            ||     2
       Potion            ||     1
 Stab: Sleeping          ||     1
  Eat: Chunk             ||     2
Armor: Robe              ||    15
Dodge: Dodged            ||    55

Vanquished Creatures
  An adder (D:2)
  A leopard gecko (D:1)
  A quokka (D:2)
  2 bats
  5 kobolds
  4 rats (D:1)
14 creatures vanquished.

Vanquished Creatures (collateral kills)
  An ooze (D:2)
  2 dart slugs
  5 bats
  3 goblins
  5 hobgoblins
  2 frilled lizards
  3 kobolds
21 creatures vanquished.

Grand Total: 35 creatures vanquished
